 Dungeon Crawl Stone Soup version 0.28-a0-1182-g381e24db82 (webtiles) character file.

Game seed: 13078160344368078045

142 ChaosChampion the Insei (level 5, -5/33 HPs)
             Began as an Octopode Transmuter on Dec 17, 2021.
             Was an Initiate of Cheibriados.
             Killed by divine providence
             ... invoked by an orc priest
              (12 damage)
             ... on level 4 of the Dungeon.
             The game lasted 00:02:59 (1999 turns).

ChaosChampion the Insei (Octopode Transmuter)       Turns: 1999, Time: 00:03:00

Health: -5/33      AC:  2    Str: 10    XL:     5   Next: 24%
Magic:  0/9        EV: 19    Int: 18    God:    Cheibriados [......]
Gold:   51         SH:  0    Dex: 19    Spells: 3/9 levels left

rFire   . . .      SeeInvis .     - Unarmed
rCold   . . .      Faith    .   (shield currently unavailable)
rNeg    . . .      Spirit   .   (helmet currently unavailable)
rPois   x          Reflect  .   (no amulet)
rElec   .          Harm     .   (no ring)
rCorr   .          Rampage  .   (no ring)
Will    .....                   (no ring)
Stlth   ++........              (no ring)
HPRegen 0.11/turn               (no ring)
MPRegen 0.11/turn               (no ring)
                                (no ring)
                                (no ring)

@: spider-form, very slightly contaminated, very slow
A: venomous fangs, almost no armour, (amphibious), 8 rings, tiny, (camouflage
1), (gelatinous body 1), (nimble swimmer 1), (tentacles)
a: End Transformation, Renounce Religion


You were on level 4 of the Dungeon.
You worshipped Cheibriados.
Cheibriados was noncommittal.
You were a venomous arachnid creature.
You visited 2 branches of the dungeon, and saw 4 of its levels.

You collected 51 gold pieces.

Inventory:

Armour
 b - a +1 hat (melded)
Jewellery
 h - an amulet of magic regeneration
 j - a ring of resist corrosion
Scrolls
 f - 2 scrolls of teleportation {unknown}
 i - a scroll of vulnerability {unknown}
Potions
 a - a potion of degeneration {unknown}
 c - a potion of experience {unknown}
 d - 3 potions of invisibility {unknown}
 e - a potion of resistance {unknown}
 g - a potion of brilliance {unknown}
 k - a potion of lignification {unknown}
 l - a potion of mutation {unknown}
 m - a potion of heal wounds


   Skills:
 - Level 1.0 Fighting
 - Level 2.0 Dodging
 + Level 4.1 Unarmed Combat
 * Level 2.9 Spellcasting
 + Level 2.9 Transmutations
 * Level 2.4 Poison Magic


You had 3 spell levels left.
You knew the following spells:

 Your Spells              Type           Power      Damage    Failure   Level
a - Beastly Appendage     Tmut           26%        N/A       14%         1
b - Wereblood             Tmut           13%        N/A       21%         2
c - Spider Form           Tmut/Pois      12%        N/A       34%         3

Your spell library contained the following spells:

 Spells                   Type           Power      Damage    Failure   Level
 Magic Dart               Conj           8%         1d3       36%         1
 Searing Ray              Conj           4%         2d4       47%         2
 Ice Form                 Ice/Tmut       7%         N/A       83%         4
 Fulminant Prism          Conj/Hex       1%         3d6       95%         4


Dungeon Overview and Level Annotations

Branches:
Dungeon (4/15)             Temple (1/1) D:4

Altars:
Cheibriados
Dithmenos
Elyvilon
Fedhas
Gozag
Hepliaklqana
Kikubaaqudgha
Makhleb
Nemelex Xobeh
Okawaru
Qazlal
Sif Muna
Trog
Uskayaw
Vehumet
Wu Jian
Xom
Yredelemnul
Zin
The Shining One


Innate Abilities, Weirdness & Mutations

You are a venomous arachnid creature.
You have poisonous fangs.
You are tiny and dextrous.
Your spellcasting is less reliable in this form.
Your armour is entirely melded.
You are incapable of wielding weapons or throwing items.
You cannot wear most types of armour.
((You are amphibious.))
You can wear up to eight rings at the same time.
((Your skin changes colour to match your surroundings (Stealth+).))
((Your rubbery body absorbs attacks. (AC +1, EV +1)))
((You are camouflaged near water. (Stealth+)))
((You have tentacles for arms and can constrict up to eight enemies at once.))


Message History

Okay, then.
You feel sick.
You feel sick.
You are no longer poisoned.
An ogre comes into view. It is wielding a +0 giant club.
You see here a rat corpse.
The orc priest calls down the wrath of Beogh upon you.
Beogh smites you!
An orc comes into view. It is wielding a +0 dagger.
Found a dagger.
Casting: Spider Form (quite dangerous; 34% risk of failure)
Confirm with . or Enter, or press ? or * to list all spells.
You miscast Wereblood.
You are very lightly contaminated with residual magic.
Nothing appears to happen.
Your transformation has ended.
Your +1 hat unmelds from your body.
The orc closely misses you.
You are too injured to fight recklessly!
You are too injured to fight recklessly!
Casting: Wereblood (safe; 8% risk of failure)
Confirm with . or Enter, or press ? or * to list all spells.
The spell is quite dangerous to miscast (16% risk of failure)!
Continue anyway?
You turn into a venomous arachnid creature.
Your +1 hat melds into your body.
The orc hits you with a +0 club.
You are too injured to fight recklessly!
You are too injured to fight recklessly!
You are too injured to fight recklessly!
You hit the orc.
The orc is poisoned.
The orc is almost dead.
You kill the orc!
Cheibriados appreciates the change of pace.
The orc priest hits you with a +0 falchion.
* * * LOW HITPOINT WARNING * * *
Things that are here:
a +0 club; a +0 ring mail You hit the orc priest but do no damage.
The orc priest is poisoned.
The orc priest invokes the aid of Beogh against you.
Beogh smites you!
You die...

#..# ..# #.# .# . #.
#####...#) ##
#$##.........
#.##s#######.
#####.#.o#######O##
........o†..(.oo...
####.#.#.$#####.##
#...#.......o.
.######..##....≈..So
....[.#.###..≈≈≈≈≈.≈
........# #####≈#≈#≈
........#### ≈≈≈≈≈


You could see an orc priest (very poisoned) and an orc.

Vanquished Creatures
  Natasha (D:2)
  An orc wizard (D:4)
  Robin (D:2)
  3 adders (D:4)
  An ufetubus (D:4)
  2 dart slugs (D:1)
  4 orcs (D:4)
  4 ball pythons
  A bat (D:1)
  3 endoplasms
  3 giant cockroaches
  4 goblins
  7 hobgoblins
  3 frilled lizards
  A kobold (D:4)
  4 rats
43 creatures vanquished.

Notes
Turn   | Place    | Note
-------+----------+-------------------------------------------
     0 | D:1      | ChaosChampion the Octopode Transmuter began the quest for
                  | the Orb.
     0 | D:1      | Reached XP level 1. HP: 13/13 MP: 3/3
   442 | D:1      | Reached XP level 2. HP: 18/18 MP: 5/5
   450 | D:1      | Found a faded altar of an unknown god.
   458 | D:1      | Learned a level 2 spell: Wereblood
   982 | D:2      | Noticed Natasha
  1007 | D:2      | Reached XP level 3. HP: 23/23 MP: 6/6
  1011 | D:2      | Learned a level 3 spell: Spider Form
  1032 | D:2      | Killed Natasha
  1033 | D:2      | Reached skill level 1 in Poison Magic
  1088 | D:2      | Identified the +0 helmet of Supple Strength {rElec rF+
                  | Str+6 Dex-2}
  1088 | D:2      | Noticed Robin
  1104 | D:2      | Killed Robin
  1105 | D:2      | Reached XP level 4. HP: 6/28 MP: 3/7
  1105 | D:2      | HP: 1/28 [goblin[Robin] (5)]
  1229 | D:2      | You fall into a shaft and drop 2 floors!
  1345 | D:4      | Found a staircase to the Ecumenical Temple.
  1353 | D:4      | Reached skill level 4 in Unarmed Combat
  1366 | D:4      | Reached XP level 5. HP: 33/33 MP: 4/9
  1373 | Temple   | Entered the Ecumenical Temple
  1898 | Temple   | Became a worshipper of Cheibriados the Contemplative
  1991 | D:4      | Noticed an ogre
  1999 | D:4      | Killed from afar by an orc priest

Illustrated notes

Levels and vault maps discovered:
D:1:      kennysheep_arrival_seaside, layout_rooms,
          shapermc_ecumenical_altar_acropolis
D:2:      layout_loops_ring, uniq_natasha, uniq_robin
D:4:      layout_rooms, minmay_temple_entry_statues_fountains,
          lightli_sewer_entry_pipes
Temple:   mainiacjoe_temple_big_plus

Skill      XL: |  1  2  3  4 |
---------------+-------------+-----
Poison Magic   | 1 2 |  2.4
Unarmed Combat | 4 |  4.1
Fighting       | |  1.0
Dodging        | |  2.0
Spellcasting   | |  2.9
Transmutations | |  2.9

Action                   |  1- 3 |  4- 6 || total
-------------------------+-------+-------++-------
Melee: Unarmed           |    63 |    41 ||   104
       Constrict         |     9 |     3 ||    12
       Tentacles         |     4 |     2 ||     6
       Kick              |     3 |     1 ||     4
       Punch             |     1 |     1 ||     2
 Cast: Beastly Appendage |     6 |     1 ||     7
       Wereblood         |     1 |     1 ||     2
       Spider Form       |     2 |     4 ||     6
  Use: Potion            |       |     1 ||     1
 Stab: Sleeping          |     7 |       ||     7
Armor: Skin              |     9 |     3 ||    12
Dodge: Dodged            |    23 |    39 ||    62

Table legend: (Time is in decaauts)
 A = Elapsed time spent in this place.
 B = Non-inter-level travel time spent in this place.
 C = Inter-level travel time spent in this place.
 D = Time resting spent in this place.
 E = Time spent auto-exploring this place.
 F = Levels seen in this place.
 G = Mean time per level.
                   A        B        C        D        E       F      G
               +--------+--------+--------+--------+--------+-----+--------+
         Total |   2014 |   1988 |     26 |      0 |   1458 |   4 |  503.5 |
       Dungeon |   1457 |   1431 |     26 |      0 |   1034 |   3 |  485.7 |
        Temple |    556 |    556 |      0 |      0 |    424 |   1 |  556.0 |
               +--------+--------+--------+--------+--------+-----+--------+

Top non-repeatable levels by time:
     D:1: 948 daAuts
  Temple: 556 daAuts
     D:2: 275 daAuts
     D:4: 233 daAuts
